 Dungeon Crawl Stone Soup version 0.31.0-32-g396128a36d (webtiles) character file.

Game seed: 7369181665214557345

44 PaiMei the Grave Robber (level 3, -2/25 HPs)
             Began as a Demonspawn Necromancer on Apr 18, 2024.
             Slain by a ribbon worm (7 damage)
             ... on level 2 of the Dungeon.
             The game lasted 00:01:58 (2033 turns).

PaiMei the Grave Robber (Demonspawn Necromancer)    Turns: 2033, Time: 00:01:59

Health: -2/25      AC:  3    Str:  8    XL:     3   Next: 39%
Magic:  2/6        EV:  6    Int: 17    God:
Gold:   93         SH:  0    Dex: 13    Spells: 2/6 levels left

rFire   . . .        g - staff of death
rCold   . . .        (no shield)
rNeg    + . .        a - +0 robe
rPois   .            (no helmet)
rElec   .            (no cloak)
rCorr   .            (no gloves)
SInv    .            i - +0 pair of boots
Will    .....        d - amulet of the acrobat
Stlth   ++           (no ring)
HPRegen 0.24/turn    (no ring)
MPRegen 0.10/turn

%: acrobat
@: held
A: hooves 1, powered by pain 1
a: no special abilities


You were on level 2 of the Dungeon.
You visited 1 branch of the dungeon, and saw 2 of its levels.

You collected 93 gold pieces.

Inventory:

Hand Weapons
 e - a +0 mace
Armour
 a - a +0 robe (worn)
 i - a +0 pair of boots (worn)
Magical Staves
 g - a staff of death (weapon)
Jewellery
 d - an amulet of the acrobat (around neck)
Scrolls
 c - a scroll of revelation {unknown}
 f - a scroll of butterflies {unknown}
 l - a scroll of teleportation {unknown}
Potions
 b - a potion of magic
 h - a potion of attraction {unknown}
 j - 3 potions of degeneration {unknown}
 k - a potion of enlightenment {unknown}


   Skills:
 + Level 0.9 Fighting
 + Level 2.3 Dodging
 - Level 2.0 Stealth
 + Level 2.4 Spellcasting
 + Level 4.8 Necromancy


You had 2 spell levels left.
You knew the following spells:

 Your Spells              Type           Power      Damage    Failure   Level
a - Necrotise             Necr           100%       1d9       2%          1
b - Vampiric Draining     Necr           27%        2d7       8%          3

Your spell library contained the following spells:

 Spells                   Type           Power      Damage    Failure   Level
 Sublimation of Blood     Necr           27%        N/A       3%          2
 Animate Dead             Necr           27%        N/A       26%         4
 Curse of Agony           Necr           27%        N/A       56%         5
 Petrify                  Alch/Erth      2%         N/A       88%         4
 Irradiate                Conj/Alch      1%         3d12      99%         5


Dungeon Overview and Level Annotations

Branches:
Dungeon (2/15)

Altars:


Innate Abilities, Weirdness & Mutations

You have large cloven feet.
You sometimes gain a little power by taking damage.


Message History

You feel a surge of power!
The ribbon worm writhes in agony.
The ribbon worm expels a string of sticky webbing.
The stream of webbing hits you but does no damage.
You are caught in a web!
Casting: Necrotise (safe; 2% risk of failure)
Confirm with . or Enter, or press ? or * to list all spells.
Aiming: Necrotise (safe; 2% risk of failure)
Press: ? - help, Shift-Dir - straight line, f/p - ribbon worm
Aim: a ribbon worm (moderately wounded, catching its breath, chance to affect: 88%)
You feel a surge of power!
The ribbon worm writhes in agony.
The ribbon worm bites you.
The web tears apart.
The ribbon worm bites you.
You barely miss the ribbon worm.
The ribbon worm is heavily wounded.
The ribbon worm bites you.
You barely miss the ribbon worm.
The ribbon worm is heavily wounded.
The ribbon worm bites you!
You barely miss the ribbon worm.
The ribbon worm is moderately wounded.
The ribbon worm expels a string of sticky webbing.
The stream of webbing hits you but does no damage.
You are caught in a web!
You struggle to detach yourself from the web.
Casting: Necrotise (safe; 2% risk of failure)
Confirm with . or Enter, or press ? or * to list all spells.
Aiming: Necrotise (safe; 2% risk of failure)
Press: ? - help, Shift-Dir - straight line, f/p - ribbon worm
Aim: a ribbon worm (moderately wounded, catching its breath, chance to affect: 88%)
You feel a surge of power!
The ribbon worm writhes in agony.
The ribbon worm bites you.
* * * LOW HITPOINT WARNING * * *
You struggle to detach yourself from the web.
The ribbon worm bites you but does no damage.
You struggle to detach yourself from the web.
The ribbon worm bites you.
* * * LOW HITPOINT WARNING * * *
You struggle to detach yourself from the web.
The ribbon worm bites you!
You die...

### #.#
##########.###### ####
................# .....
#####.####.#######......
#.# #......@w...... #.#
#.#####.#......
#####.####.#####.# #####
..................
......).#..#####.#.
.#....###..###.....#
.#..#.# #........# #
...<#.# #.####.#..
......###.#......


You could see a ribbon worm.

Vanquished Creatures
  A gnoll (D:1)
  A dart slug (D:1)
  2 bats (D:1)
  3 endoplasms (D:1)
  2 giant cockroaches
  A goblin (D:1)
  2 hobgoblins (D:1)
  4 jackals (D:1)
  3 kobolds
  2 quokkas (D:1)
  A ball python (D:1)
  2 frilled lizards
  2 rats (D:1)
26 creatures vanquished.

Vanquished Creatures (collateral kills)
  An endoplasm (D:1)
1 creature vanquished.

Grand Total: 27 creatures vanquished

Notes
Turn   | Place    | Note
-------+----------+-------------------------------------------
     0 | D:1      | PaiMei the Demonspawn Necromancer began the quest for the
                  | Orb.
     0 | D:1      | Reached XP level 1. HP: 13/13 MP: 3/3
   302 | D:1      | Gained mutation: You have large cloven feet. [demonic
                  | ancestry]
   302 | D:1      | Reached XP level 2. HP: 6/19 MP: 1/5
  1247 | D:1      | Gained mutation: You sometimes gain a little power by
                  | taking damage. [demonic ancestry]
  1247 | D:1      | Reached XP level 3. HP: 25/25 MP: 2/6
  1498 | D:1      | Learned a level 3 spell: Vampiric Draining
  2033 | D:2      | Slain by a ribbon worm

Illustrated notes

Levels and vault maps discovered:
D:1:      nzn_arrival_water_spiral, layout_basic, nicolae_twisty_statue_hallways
D:2:      layout_basic

Skill      XL: |  1 |
---------------+----+-----
Dodging        | 2 |  2.3
Stealth        | 2 |  2.0
Fighting       | |  0.9
Spellcasting   | |  2.4
Necromancy     | |  4.8

Action                     || total
---------------------------++-------
  Melee: Unarmed           ||    12
         Staff             ||     8
   Cast: Necrotise         ||    51
 Armour: Robe              ||    21
  Dodge: Dodged            ||    13
